[Event "Team 45 45 League T99"]
[Site "Internet Chess Club"]
[Date "2024.03.14"]
[Round "5"]
[White "Reykjaviking"]
[Black "thundercat1"]
[Result "1-0"]
[WhiteElo "1239"]
[BlackElo "1005"]
[Opening "Queen's pawn, Mason variation"]
[ECO "D00"]
[Time "19:01:24"]
[PlyCount "49"]
[TimeControl "2700+45"]

1. d4 d5 2. Bf4 e6 3. e3 g6 4. Nd2 Bg7 5. c4 Nf6 6. Ngf3 Nc6 7. a3 a6 8. Be2 Ne4
9. h3 Bf6 10. Nxe4 dxe4 11. Nd2 e5 12. dxe5 Bxe5 13. Bh6 Bf5 14. O-O Qh4 15. f4
Bf6 16. Bg4 Qxh6 17. Bxf5 gxf5 18. b4 Rg8 19. Ra2 O-O-O 20. b5 Ne7 21. bxa6 Ng6
22. a7 Nh4 23. a8=Q+ Kd7 24. Nxe4+ Kc6 25. Qaa4+ {Black resigns} 1-0

[Event "Team 45 45 League T99"]
[Site "Internet Chess Club"]
[Date "2024.03.15"]
[Round "5"]
[White "Manch"]
[Black "chesskix"]
[Result "1-0"]
[WhiteElo "1395"]
[BlackElo "1415"]
[Opening "Sicilian: accelerated fianchetto, modern variation"]
[ECO "B34"]
[Time "18:00:20"]
[PlyCount "125"]
[TimeControl "2700+45"]

1. e4 c5 2. Nc3 Nc6 3. Nf3 g6 4. d4 cxd4 5. Nxd4 Bg7 6. Be3 e5 7. Nxc6 bxc6 8.
Bc4 Ne7 9. O-O Bb7 10. Bb3 O-O 11. Bc5 Re8 12. Qf3 d5 13. Rfd1 a6 14. Bxe7 Qxe7
15. exd5 cxd5 16. Bxd5 Bxd5 17. Nxd5 Qc5 18. c3 f5 19. Qe3 Rac8 20. Qxc5 Rxc5
21. Nb4 a5 22. Nc2 f4 23. Rd7 Kf8 24. Rad1 h5 25. R1d6 Re7 26. Rxe7 Kxe7 27.
Rxg6 Bf6 28. Rh6 h4 29. g3 hxg3 30. hxg3 fxg3 31. fxg3 Rd5 32. Ne3 Rd2 33. Nc4
Rd5 34. Kf2 e4 35. Rg6 Rc5 36. Ne3 a4 37. Rg4 Re5 38. Nc4 Rf5+ 39. Ke3 Bg5+ 40.
Kxe4 Rc5 41. Kd3 Rd5+ 42. Kc2 Kf6 43. Rd4 Rxd4 44. cxd4 Ke6 45. Kd3 Bf6 46. Nb6
a3 47. bxa3 Be7 48. a4 Bd6 49. g4 Bc7 50. a5 Kd6 51. Ke4 Bxb6 52. axb6 Kc6 53.
g5 Kxb6 54. g6 Kc6 55. g7 Kd6 56. g8=Q Ke7 57. d5 Kd7 58. Qe6+ Kd8 59. Qf7 Kc8
60. a4 Kb8 61. a5 Kc8 62. a6 Kd8 63. d6 {Black resigns} 1-0

[Event "Team 45 45 League T99"]
[Site "Internet Chess Club"]
[Date "2024.03.17"]
[Round "5"]
[White "sdcohle"]
[Black "garytd"]
[Result "0-1"]
[WhiteElo "1322"]
[BlackElo "1484"]
[Opening "Four knights: Spanish, classical defense"]
[ECO "C48"]
[Time "13:00:34"]
[PlyCount "98"]
[TimeControl "2700+45"]

1. e4 e5 2. Nf3 Nc6 3. Nc3 Nf6 4. Bb5 Bc5 5. O-O d6 6. d3 h6 7. Re1 Bd7 8. Be3
Nd4 9. Bxd7+ Qxd7 10. Nd2 Ng4 11. h3 Nxe3 12. Rxe3 Nxc2 13. Qxc2 Bxe3 14. fxe3
O-O 15. Nf3 f5 16. d4 exd4 17. Nxd4 fxe4 18. Qxe4 c6 19. Qd3 d5 20. Nf3 Rf6 21.
Re1 Re8 22. e4 Ree6 23. exd5 Rxf3 24. dxe6 Qxd3 25. e7 Re3 26. e8=Q+ Rxe8 27.
Rxe8+ Kf7 28. Re2 Qd4+ 29. Kh1 b5 30. Kh2 b4 31. Ne4 a5 32. Rf2+ Kg8 33. Re2 c5
34. Ng3 c4 35. Re8+ Kh7 36. Nf5 Qf4+ 37. Ng3 c3 38. bxc3 bxc3 39. Re2 h5 40. Re4
Qc7 41. Rh4 c2 42. Rxh5+ Kg8 43. h4 c1=Q 44. Rf5 Qd2 45. Rb5 Qc6 46. Rb8+ Kh7
47. Kh3 Qdxg2+ 48. Kg4 Qg6+ 49. Kf4 Q2xg3# {White checkmated} 0-1

[Event "Team 45 45 League T99"]
[Site "Internet Chess Club"]
[Date "2024.03.17"]
[Round "5"]
[White "seattleblues"]
[Black "Denis240964"]
[Result "0-1"]
[WhiteElo "1341"]
[BlackElo "1322"]
[Opening "Ruy Lopez: Anderssen variation"]
[ECO "C77"]
[Time "19:28:16"]
[PlyCount "86"]
[TimeControl "2700+45"]

1. e4 e5 2. Nf3 Nc6 3. Bb5 a6 4. Ba4 Nf6 5. d3 b5 6. Bb3 Be7 7. O-O d6 8. c3 Na5
9. Bc2 c5 10. Nbd2 Qc7 11. Re1 Bg4 12. Nf1 O-O 13. Ne3 Bh5 14. b3 Nc6 15. Nd5
Nxd5 16. exd5 Nd8 17. c4 f5 18. Bb2 Bf6 19. d4 e4 20. Bxe4 fxe4 21. Rxe4 Bxf3
22. Qxf3 Bh4 23. Rf4 Rxf4 24. Qxf4 Bf6 25. Re1 Nf7 26. h3 Rb8 27. Re2 bxc4 28.
bxc4 cxd4 29. Qe4 Kf8 30. Bxd4 Bxd4 31. Qxd4 Rb4 32. Rc2 Ne5 33. Qf4+ Kg8 34.
Qf5 Qd7 35. Qe4 Qc8 36. a3 Rxc4 37. Rxc4 Qxc4 38. Qxc4 Nxc4 39. a4 a5 40. Kf1
Nb2 41. Ke2 Nxa4 42. Kd3 Nb6 43. Kc3 Kf7 {White resigns} 0-1

[Event "Team 45 45 League T99"]
[Site "Internet Chess Club"]
[Date "2024.03.15"]
[Round "5"]
[White "tamky70"]
[Black "ticktockman"]
[Result "1-0"]
[WhiteElo "1287"]
[BlackElo "1159"]
[Opening "Bird's opening"]
[ECO "A02"]
[Time "10:00:15"]
[PlyCount "137"]
[TimeControl "2700+45"]

1. f4 b6 2. Nf3 Bb7 3. d3 Bxf3 4. exf3 d5 5. Nd2 e6 6. Qe2 Nf6 7. Qf2 Nbd7 8. d4
c5 9. c3 g6 10. Bd3 c4 11. Bc2 Bg7 12. Nf1 O-O 13. Ne3 Re8 14. O-O Bh6 15. Ng4
Bg7 16. Bd2 Qb8 17. Ne5 Qc8 18. Ba4 Rd8 19. Nc6 Re8 20. Ne5 a6 21. Bc2 b5 22. a4
Nb6 23. axb5 axb5 24. b3 Rxa1 25. Rxa1 Qb7 26. Qe1 Ra8 27. Qb1 Rxa1 28. Qxa1 Qa8
29. Qxa8+ Nxa8 30. Bc1 Bh6 31. g3 Bg7 32. bxc4 bxc4 33. Ba4 Nb6 34. Bb5 h6 35.
Kg2 Nc8 36. Ba3 Na7 37. Ba4 Bf8 38. Bc5 Nc8 39. Ng4 Nxg4 40. fxg4 Kg7 41. Kf3
Kf6 42. h4 Bxc5 43. dxc5 Ke7 44. Ke3 Kd8 45. Kd4 Kc7 46. Ke5 Kd8 47. Kf6 Kc7 48.
Kxf7 g5 49. Kxe6 Kd8 50. Kxd5 Ne7+ 51. Kxc4 gxf4 52. gxf4 Ng6 53. f5 Nxh4 54. c6
Kc7 55. f6 Ng6 56. Kd5 Nf4+ 57. Ke5 Ng6+ 58. Kf5 Nh4+ 59. Ke6 Ng6 60. f7 Nf8+
61. Kf6 Nh7+ 62. Kg6 Nf8+ 63. Kxh6 Kd6 64. g5 Ke7 65. g6 Ne6 66. Bb3 Nc5 67. Bc4
Ne4 68. g7 Nf6 69. f8=Q# {Black checkmated} 1-0

[Event "Team 45 45 League T99"]
[Site "Internet Chess Club"]
[Date "2024.03.16"]
[Round "5"]
[White "Kingofknights"]
[Black "Electryon"]
[Result "1/2-1/2"]
[WhiteElo "1474"]
[BlackElo "1506"]
[Opening "King's Indian: Sämisch variation"]
[ECO "E80"]
[Time "17:00:15"]
[PlyCount "147"]
[TimeControl "2700+45"]

1. d4 Nf6 2. c4 d6 3. Nc3 g6 4. e4 Bg7 5. f3 c6 6. Bg5 Qa5 7. Qd2 a6 8. Bd3 b5
9. cxb5 axb5 10. Nge2 Nbd7 11. Nc1 b4 12. N3e2 Ba6 13. Nb3 Qb6 14. Be3 Bxd3 15.
Qxd3 O-O 16. Kf2 c5 17. Rhc1 Rfc8 18. dxc5 Nxc5 19. Nxc5 dxc5 20. Rc2 Qd6 21.
Qxd6 exd6 22. a4 bxa3 23. Rxa3 Nd7 24. Rd3 Bf8 25. Nf4 Ne5 26. Rb3 Rcb8 27. Rxb8
Rxb8 28. Nd5 Nd3+ 29. Ke2 Nxb2 30. Nf6+ Kh8 31. Nd7 Rb7 32. Nxf8 Kg7 33. Nxh7
Kxh7 34. Bf4 Rb6 35. e5 dxe5 36. Bxe5 Re6 37. Rxb2 Rxe5+ 38. Kd3 Rg5 39. Ke4 Kg7
40. h4 Rh5 41. g3 Kf6 42. Rb6+ Ke7 43. Rc6 Kd7 44. Rf6 Ke7 45. Rb6 Kd7 46. f4
Ke7 47. Rb5 Kd6 48. Rb6+ Kd7 49. Rb3 Kc6 50. Rd3 c4 51. Rd8 Rb5 52. Rc8+ Kd6 53.
Rxc4 f5+ 54. Kd4 Rb3 55. Rc3 Rb4+ 56. Ke3 Kd5 57. Rd3+ Ke6 58. Kf3 Rb1 59. Re3+
Kf6 60. Rc3 Rf1+ 61. Kg2 Re1 62. Kf2 Re6 63. Kf3 Re1 64. Rc6+ Kf7 65. h5 gxh5
66. Rh6 Rh1 67. Kg2 Kg7 68. Rc6 Ra1 69. Rc3 Kg6 70. Kh3 Rh1+ 71. Kg2 Ra1 72. Kf3
Rf1+ 73. Ke2 Rh1 74. Rc6+ {Game drawn by mutual agreement} 1/2-1/2

[Event "Team 45 45 League T99"]
[Site "Internet Chess Club"]
[Date "2024.03.18"]
[Round "5"]
[White "BrerRabbit"]
[Black "Constrictor"]
[Result "1/2-1/2"]
[WhiteElo "1274"]
[BlackElo "1405"]
[Opening "Queen's pawn"]
[ECO "A40"]
[Time "19:04:00"]
[PlyCount "50"]
[TimeControl "2700+45"]

1. d4 c6 2. Nf3 d5 3. g3 Nf6 4. Bg2 e6 5. O-O Qc7 6. c4 dxc4 7. Qc2 Bd6 8. Qxc4
O-O 9. Qc2 Nbd7 10. Nc3 e5 11. dxe5 Nxe5 12. Nxe5 Bxe5 13. e4 Re8 14. Re1 Bg4
15. Bd2 Rad8 16. Rac1 Qe7 17. f3 Be6 18. a3 Rd7 19. Red1 Red8 20. Be3 Bd4 21.
Bxd4 Rxd4 22. Rxd4 Rxd4 23. Rd1 Qc5 24. Rxd4 Qxd4+ 25. Qf2 Qxf2+ {Game drawn by
mutual agreement} 1/2-1/2

[Event "Team 45 45 League T99"]
[Site "Internet Chess Club"]
[Date "2024.03.15"]
[Round "5"]
[White "rjhoro"]
[Black "Ostap-Bender"]
[Result "0-1"]
[WhiteElo "1195"]
[BlackElo "1245"]
[Opening "Colle system"]
[ECO "D05"]
[Time "17:01:20"]
[PlyCount "110"]
[TimeControl "2700+45"]

1. d4 Nf6 2. Nf3 e6 3. e3 d5 4. Bd3 c5 5. c3 Nc6 6. Nbd2 b6 7. O-O c4 8. Bc2 Bd6
9. e4 dxe4 10. Nxe4 Nxe4 11. Bxe4 Bd7 12. d5 exd5 13. Bxd5 O-O 14. Bxc4 Qc7 15.
Re1 Rae8 16. Bb5 Rxe1+ 17. Qxe1 Re8 18. Be3 Bf4 19. Qd2 Bxe3 20. fxe3 Ne5 21.
Bxd7 Qxd7 22. Qxd7 Nxd7 23. Rd1 Nf6 24. h3 Rxe3 25. Rd8+ Re8 26. Rxe8+ Nxe8 27.
b4 Kf8 28. Kf2 Ke7 29. Ke3 Nd6 30. Kd4 Nf5+ 31. Ke4 Nd6+ 32. Kd4 f6 33. g4 Ke6
34. c4 h6 35. c5 bxc5+ 36. bxc5 Nb5+ 37. Kc4 a6 38. Nd4+ Nxd4 39. Kxd4 g6 40. a4
f5 41. gxf5+ gxf5 42. c6 Kd6 43. c7 Kxc7 44. Ke5 Kb6 45. Kxf5 Ka5 46. Kg6 Kxa4
47. Kxh6 Kb4 48. Kg6 a5 49. h4 a4 50. h5 a3 51. h6 a2 52. h7 a1=Q 53. Kf7 Qh8
54. Kg6 Kc5 55. Kf7 Qxh7+ {White resigns} 0-1